 Dungeon Crawl Stone Soup version 0.27-a0-1196-g3e9cee4cb2 (webtiles) character file.

Game seed: 13897990449552827543

11636 PentaManta the Martial Artist (level 11, -6/106 HPs)
             Began as a Grey Draconian Transmuter on May 28, 2021.
             Was an Elder of Makhleb.
             Mangled by an ice devil (11 damage)
             ... in an ice cave.
             The game lasted 00:36:06 (16476 turns).

PentaManta the Martial Artist (DrTm)               Turns: 16476, Time: 00:36:06

Health: -6/106     AC:  6    Str: 14    XL:     11   Next: 51%
Magic:  0/20       EV: 11    Int: 13    God:    Makhleb [****..]
Gold:   622        SH:  0    Dex: 14    Spells: 7/22 levels left

rFire    x . .     SeeInvis .     - Unarmed
rCold    + + +     Faith    .   (shield currently unavailable)
rNeg     + . .     Spirit   +   (armour unavailable)
rPois    +         Reflect  .   (helmet currently unavailable)
rElec    .         Harm     .   (cloak currently unavailable)
rCorr    .         Rampage  .   (gloves currently unavailable)
Will     .....                  (boots currently unavailable)
Stlth    +.........             q - amulet of guardian spirit
HPRegen  0.27/turn              c - ring of positive energy
MPRegen  0.17/turn              v - ring of protection from cold

@: ice-form
A: freezing attack, boosted hp, AC +12, amphibious, large, unfitting armour,
(cold-blooded)
a: End Transformation, Renounce Religion, Minor Destruction, Lesser Servant of
Makhleb, Major Destruction


You were in an ice cave.
You worshipped Makhleb.
Makhleb was greatly pleased with you.
You were a creature of crystalline ice.
You visited 2 branches of the dungeon, and saw 12 of its levels.
You also visited: Sewer and Ice Cave.

You collected 622 gold pieces.

Inventory:

Hand Weapons
 u - a +1 dagger of venom
Missiles
 k - 3 throwing nets
 t - 29 poisoned darts
 x - 8 curare-tipped darts
Armour
 m - a +0 cloak (melded)
 o - a +2 pair of gloves (melded)
Jewellery
 c - a ring of positive energy (left front paw)
 q - an amulet of guardian spirit (around neck)
 v - a ring of protection from cold (right front paw)
Wands
 n - a wand of iceblast (17)
 r - a wand of flame (32)
Scrolls
 a - 2 scrolls of identify
 d - 8 scrolls of teleportation
 e - 2 scrolls of amnesia
 j - a scroll of enchant armour
 l - a scroll of fog
 p - a scroll of immolation {unknown}
 s - a scroll of fear
Potions
 b - 3 potions of brilliance
 f - 4 potions of haste
 g - 2 potions of heal wounds
 h - a potion of might


   Skills:
 + Level 5.7 Fighting
 + Level 5.0 Dodging
 * Level 12.9 Unarmed Combat
 - Level 6.0 Spellcasting
 + Level 9.3 Transmutations


You had 7 spell levels left.
You knew the following spells:

 Your Spells              Type           Power      Damage    Failure   Level
a - Beastly Appendage     Tmut           56%        N/A       1%          1
b - Wereblood             Tmut           28%        N/A       1%          2
c - Spider Form           Tmut/Pois      8%         N/A       8%          3
d - Ice Form              Ice/Tmut       16%        N/A       24%         4
e - Hydra Form            Tmut           14%        N/A       10%         5

Your spell library contained the following spells:

 Spells                   Type           Power      Damage    Failure   Level


Dungeon Overview and Level Annotations

Branches:
Dungeon (11/15)            Temple (1/1) D:7            Lair (0/6) D:10
    Orc (0/2) D:10          Sewer (visited)           IceCv (1/1)

Altars:
Ashenzari
Cheibriados
Dithmenos
Elyvilon
Fedhas
Gozag
Hepliaklqana
Kikubaaqudgha
Makhleb
Nemelex Xobeh
Okawaru
Qazlal
Ru
Sif Muna
Trog
Uskayaw
Vehumet
Wu Jian
Xom
Yredelemnul
Zin
The Shining One

Shops:
D:4 [

Annotations:
D:10 2 transporters, philipeq's ghost, novice DsFi IceCv exclusion: 2 ice statues


Innate Abilities, Weirdness & Mutations

You are a creature of crystalline ice.
You have a powerful freezing melee attack.
Your maximum health is increased.
Your armour is entirely melded.
You are incapable of wielding weapons or throwing items.
((Your dull iron-grey scales are very hard. (AC +12)))
You are amphibious.
You cannot fit into any form of body armour.
((You are cold-blooded and may be slowed by cold attacks.))


Message History

The ice devil freezes you. You resist.
* * * LOW HITPOINT WARNING * * *
Unknown command.
The ice devil hits you but does no damage.
The ice devil hits you.
* * * LOW HITPOINT WARNING * * *
The ice devil freezes you. You resist.
* * * LOW HITPOINT WARNING * * *
You feel much better. The ice devil barely misses you. The ice devil hits you!
* * * LOW HITPOINT WARNING * * *
The ice devil freezes you. You resist.
* * * LOW HITPOINT WARNING * * *
You feel much better. The ice devil closely misses you.
The ice devil hits you but does no damage.
The ice devil closely misses you.
You hit the ice devil but do no damage.
The ice devil is severely wounded.
The ice devil hits you!
* * * LOW HITPOINT WARNING * * *
The ice devil freezes you. You resist.
* * * LOW HITPOINT WARNING * * *
The ice devil misses you. The ice devil hits you!
* * * LOW HITPOINT WARNING * * *
The ice devil freezes you. You resist.
* * * LOW HITPOINT WARNING * * *
Press: ? - help, Shift-Dir - straight line, f - ice devil
Aim: an ice devil You fail to use your ability.
The ice devil hits you but does no damage.
The ice devil hits you but does no damage. 2 ice statues come into view.
The ice statue gestures.
Marking area around 2 ice statues as unsafe for travelling.
Found a scroll of fear and a scroll labelled RISURI EWIPSU.
The ice devil hits you.
* * * LOW HITPOINT WARNING * * *
The ice devil freezes you. You resist.
* * * LOW HITPOINT WARNING * * *
The ice devil hits you!
You die...

#...∩...#
##.....## ##...##
##...# #...##
#...## ##...#
##.44##
##8#..4Y.#8##
#.........Y.#
#.............#
#.............#
#...............#
#...............#
#.......⌠.......#
#...............#
...............


You could see 3 ice devils and an ice beast (summoned).

Vanquished Creatures
  2 two-headed ogres
  Pikel (D:8)
  A centaur zombie (D:10)
  3 kobold demonologists (D:9)
  An ice devil (IceCv)
  A troll (D:8)
  Grinder (Sewer)
  A vampire (D:10)
  7 yaks
  A wyvern (D:10)
  2 vampire mosquitoes (D:10)
  3 steam dragons
  Menkaure (D:7)
  An acid dragon (D:10)
  3 water moccasins
  Duvessa (D:7)
  A black bear (D:3)
  8 orc warriors
  3 sky beasts
  8 ice beasts
  3 ogres
  3 necrophages
  5 centaurs
  A lemure (D:8)
  4 kobold brigands
  3 phantoms
  Blork the orc (D:6)
  2 gnoll sergeants
  5 bullfrogs
  3 scorpions
  Dowan (D:7)
  A howler monkey (D:5)
  3 wights
  9 orc priests
  3 jellies
  5 hounds
  Crazy Yiuf (D:3)
  Natasha (D:3)
  A bullfrog skeleton (D:6)
  6 iguanas
  12 orc wizards
  A killer bee zombie (D:6)
  A hound skeleton (D:4)
  A howler monkey zombie (D:9)
  Robin (D:3)
  7 gnolls
  14 adders
  A river rat (D:6)
  3 shadow imps (Sewer)
  2 white imps
  5 ufetubi (Sewer)
  An adder zombie (D:5)
  2 worms
  7 dart slugs
  33 orcs
  6 ball pythons
  A bat zombie (Sewer)
  9 endoplasms
  4 giant cockroaches
  11 hobgoblins
  17 jackals
  4 quokkas
  8 bats
  5 frilled lizards
  13 goblins
  31 kobolds
  2 kobold zombies (Sewer)
  7 rats
320 creatures vanquished.

Vanquished Creatures (others)
  An orc wizard (D:9)
  4 fungi (D:6)
  15 plants
20 creatures vanquished.

Grand Total: 340 creatures vanquished

Notes
Turn   | Place    | Note
-------+----------+-------------------------------------------
     0 | D:1      | PentaManta the Draconian Transmuter began the quest for the
                  | Orb.
     0 | D:1      | Reached XP level 1. HP: 16/16 MP: 3/3
   264 | D:1      | Reached XP level 2. HP: 11/23 MP: 5/5
   440 | D:1      | Learned a level 2 spell: Wereblood
   559 | D:1      | Reached XP level 3. HP: 16/28 MP: 6/6
   826 | D:1      | Reached skill level 4 in Unarmed Combat
  1332 | D:1      | Learned a level 3 spell: Spider Form
  2118 | D:2      | Reached XP level 4. HP: 34/35 MP: 7/7
  2406 | D:2      | Found a faded altar of an unknown god.
  2954 | D:3      | Noticed a scorpion
  2967 | D:3      | Killed a scorpion
  2968 | D:3      | Reached skill level 5 in Unarmed Combat
  2968 | D:3      | Reached XP level 5. HP: 28/40 MP: 8/8
  3139 | D:3      | Noticed a black bear
  3163 | D:3      | Noticed Robin
  3385 | D:3      | Killed a black bear
  3386 | D:3      | Reached XP level 6. HP: 40/47 MP: 7/9
  3457 | D:3      | Killed Robin
  3458 | D:3      | Reached skill level 6 in Unarmed Combat
  3757 | D:3      | Found a sacrificial altar of Ru.
  3810 | D:3      | Noticed Natasha
  3820 | D:3      | Killed Natasha
  4154 | D:3      | Found a runed translucent door.
  4156 | D:3      | Noticed Crazy Yiuf
  4163 | D:3      | Killed Crazy Yiuf
  4497 | D:4      | Found a burning altar of Makhleb.
  4561 | D:4      | Your scales start taking on a dull iron-grey colour.
  4561 | D:4      | Reached XP level 7. HP: 52/52 MP: 10/10
  4748 | D:4      | Reached skill level 7 in Unarmed Combat
  5117 | D:4      | Reached skill level 5 in Transmutations
  5224 | D:4      | Found Duzizure's Armour Emporium.
  5944 | D:5      | Entered Level 5 of the Dungeon
  5950 | D:5      | Learned a level 4 spell: Ice Form
  6088 | D:4      | Became a worshipper of Makhleb the Destroyer
  6123 | D:5      | Reached XP level 8. HP: 54/59 MP: 12/12
  6610 | D:5      | Reached skill level 8 in Unarmed Combat
  6873 | D:5      | Found an iron altar of Okawaru.
  6899 | D:5      | Found a bloodstained altar of Trog.
  7338 | D:5      | Found a glowing golden altar of the Shining One.
  7760 | D:6      | Found a white marble altar of Elyvilon.
  7841 | D:6      | Noticed Blork the orc
  7855 | D:6      | Reached skill level 9 in Unarmed Combat
  7892 | D:6      | Found a shimmering blue altar of Sif Muna.
  7960 | D:6      | Found a glowing drain.
  7961 | D:6      | Reached * piety under Makhleb
  7965 | Sewer    | Entered a sewer
  8268 | Sewer    | Found an ancient bone altar of Kikubaaqudgha.
  8344 | Sewer    | Reached XP level 9. HP: 39/64 MP: 12/15
  8348 | Sewer    | Noticed Grinder
  8355 | Sewer    | Reached ** piety under Makhleb
  8360 | Sewer    | Paralysed by Grinder for 6 turns
  8367 | Sewer    | Killed Grinder
  8640 | D:6      | Reached skill level 5 in Spellcasting
  8648 | D:6      | Reached skill level 10 in Unarmed Combat
  9255 | D:6      | Killed Blork the orc
  9791 | D:7      | Learned a level 5 spell: Hydra Form
  9834 | D:7      | Noticed Dowan
  9880 | D:8      | Reached skill level 11 in Unarmed Combat
  9890 | D:7      | Reached XP level 10. HP: 67/71 MP: 15/19
  9999 | D:7      | Noticed Menkaure
 10004 | D:7      | Killed Menkaure
 10166 | D:7      | Found a staircase to the Ecumenical Temple.
 10267 | D:7      | Noticed Duvessa
 10310 | D:7      | Reached *** piety under Makhleb
 10440 | D:7      | Killed Duvessa
 10460 | D:7      | Killed Dowan
 10917 | Temple   | Entered the Ecumenical Temple
 11181 | D:8      | Found a shimmering altar of Xom.
 12126 | D:8      | Noticed Pikel
 12146 | D:8      | Killed Pikel
 12260 | D:8      | Found a hazy altar of Hepliaklqana.
 12522 | D:9      | Noticed a two-headed ogre
 12534 | D:9      | Killed a two-headed ogre
 13362 | D:9      | Reached skill level 12 in Unarmed Combat
 13738 | D:9      | Noticed a rust devil
 13750 | D:9      | Noticed a sixfirhy
 13752 | D:9      | Noticed a sun demon
 13756 | D:10     | Entered Level 10 of the Dungeon
 14189 | D:9      | Reached XP level 11. HP: 77/85 MP: 17/20
 14231 | D:10     | Found a staircase to the Lair.
 14420 | D:10     | Noticed philipeq's ghost (novice DsFi)
 14432 | D:10     | Found a transporter.
 14487 | D:10     | Found a transporter.
 15014 | D:10     | Reached **** piety under Makhleb
 15293 | D:10     | Found a staircase to the Orcish Mines.
 15409 | D:10     | Reached skill level 5 in Fighting
 16062 | D:11     | Noticed a boulder beetle
 16070 | D:11     | Noticed a two-headed ogre
 16172 | D:11     | Found a frozen archway.
 16184 | D:10     | Killed a two-headed ogre
 16185 | D:10     | Reached skill level 5 in Dodging
 16412 | IceCv    | Entered an ice cave
 16476 | IceCv    | HP: 5/106 [ice devil (1)]
 16476 | IceCv    | Mangled by an ice devil

Illustrated notes

Levels and vault maps discovered:
D:1:      dpeg_arrival_boxorama, layout_basic, serial_bayou,
          serial_bayou_pond_a, serial_bayou_pond_b, serial_bayou_pond_c,
          serial_bayou_pond_b, serial_bayou_lagoon_a, dk_noncrumbling_4
D:2:      layout_basic, basic_ecumenical_altar
D:3:      layout_basic, lemuel_crystal_altar, minmay_vboxes,
          uniq_crazy_yiuf_cottage, uniq_natasha, uniq_robin
D:4:      layout_loops_ring, kennysheep_little_box, serial_shops,
          nicolae_shop_statue_plus, corexii_hall_statues_x, corexii_corridor_pit
D:5:      layout_layer_cave, lemuel_coloured_pillars_altar,
          nicolae_tso_swordbearing_angel, lemuel_crystal_altar
D:6:      kennysheep_steamy, layout_cave_pools, nicolae_elyvilon_peaceful_grove,
          lemuel_crystal_altar, gup_sewer_entry_spiral, kennysheep_potato,
          uniq_blork_the_orc
D:7:      wander_river, layout_loops_corners, temple_hall, uniq_duvessa,
          uniq_menkaure
D:8:      layout_gridville, lemuel_tele_altar, nicolae_hepliaklqana_hippocampus,
          minmay_misc_feat_tower, uniq_pikel
D:9:      layout_grid_maze
D:10:     layout_layer_cave, dpeg_oklobed_lair, david_orc_4,
          gammafunk_ghost_stat_death
D:11:     layout_big_octagon, portal_ice_cave_entry_ice_beasts
Temple:   dshaligram_water_room_temple
IceCv:    ice_cave_tombish

Skill      XL: |  1  2  3  4  5  6  7  8  9 10 11 |
---------------+----------------------------------+-----
Unarmed Combat | 4 5 6 7 9 11 12 | 12.9
Transmutations | 3 4 5 6 7 8 9 |  9.3
Spellcasting   | 3 4 6 |  6.0
Dodging        | 4 5 |  5.0
Fighting       | 4 5 |  5.7

Action                   |  1- 3 |  4- 6 |  7- 9 | 10-12 || total
-------------------------+-------+-------+-------+-------++-------
Melee: Unarmed           |   117 |   143 |   422 |   434 ||  1116
       Headbutt          |    12 |    11 |    58 |    58 ||   139
       Kick              |    14 |    23 |    78 |    86 ||   201
       Punch             |     1 |     3 |    13 |    25 ||    42
       Tailslap          |     3 |    11 |    46 |    60 ||   120
 Cast: Beastly Appendage |    11 |    25 |    38 |    41 ||   115
       Wereblood         |       |     1 |     5 |     3 ||     9
       Spider Form       |       |       |     3 |     3 ||     6
       Ice Form          |       |       |     1 |     2 ||     3
       Hydra Form        |       |       |       |     1 ||     1
  Use: Scroll            |       |     4 |     9 |     6 ||    19
       Potion            |       |     4 |       |     3 ||     7
 Stab: Sleeping          |       |       |     4 |       ||     4
       Distracted        |       |       |     2 |       ||     2
Armor: Skin              |    53 |    56 |   168 |   228 ||   505
Dodge: Dodged            |   114 |   113 |   241 |   334 ||   802

Table legend: (Time is in decaauts)
 A = Elapsed time spent in this place.
 B = Non-inter-level travel time spent in this place.
 C = Inter-level travel time spent in this place.
 D = Time resting spent in this place.
 E = Time spent auto-exploring this place.
 F = Levels seen in this place.
 G = Mean time per level.
                   A        B        C        D        E       F      G
               +--------+--------+--------+--------+--------+-----+--------+
         Total |  16344 |  15831 |    513 |   4039 |   9147 |  14 | 1167.4 |
       Dungeon |  15593 |  15104 |    489 |   3754 |   8986 |  11 | 1417.5 |
        Temple |     93 |     69 |     24 |      0 |     68 |   1 |   93.0 |
         Sewer |    597 |    597 |      0 |    283 |     81 |   1 |  597.0 |
      Ice Cave |     59 |     59 |      0 |      2 |     12 |   1 |   59.0 |
               +--------+--------+--------+--------+--------+-----+--------+

Top non-repeatable levels by time:
    D:10: 2182 daAuts
     D:1: 1853 daAuts
     D:8: 1826 daAuts
     D:5: 1561 daAuts
     D:4: 1527 daAuts
     D:6: 1466 daAuts
     D:3: 1360 daAuts
     D:2: 1289 daAuts
     D:7: 1235 daAuts
     D:9: 1223 daAuts
   Sewer: 597 daAuts
  Temple: 93 daAuts
    D:11: 66 daAuts
   IceCv: 59 daAuts
